 Dungeon Crawl Stone Soup version 0.22.0-49-gab54619 (webtiles) character file.

2368 Loudmushroom the Chopper (level 9, -1/56 HPs)
             Began as a Gargoyle Fighter on Sept 6, 2018.
             Slain by Prince Ribbit (9 damage)
             ... on level 6 of the Dungeon on Sept 7, 2018.
             The game lasted 00:23:19 (5599 turns).

Loudmushroom the Chopper (Gargoyle Fighter)         Turns: 5599, Time: 00:23:20

Health: -1/56      AC: 20    Str: 25    XL:     9   Next: 44%
Magic:  9/9        EV:  6    Int: 10    God:
Gold:   241        SH: 11    Dex:  9    Spells: 8/8 levels left

rFire    . . .     SeeInvis +   a - +0 war axe
rCold    . . .     Gourm    .   c - +0 shield
rNeg     + . .     Faith    +   n - +0 chain mail
rPois    ∞         Spirit   .   (no helmet)
rElec    +         Reflect  .   (no cloak)
rCorr    .         Harm     .   p - +2 pair of gloves {Str+3}
MR       .....                  (no boots)
Stlth    ..........             x - amulet of faith
HPRegen  0.18/turn              v - ring of see invisible
MPRegen  0.11/turn              (no ring)

@: no status effects
A: negative energy resistance 1, electricity resistance, unbreathing,
petrification resistance, rot immunity, AC +6
a: no special abilities


You were on level 6 of the Dungeon.
You were not hungry.

You visited 1 branch of the dungeon, and saw 6 of its levels.

You collected 241 gold pieces.

Inventory:

Hand Weapons
 a - a +0 war axe (weapon)
 b - a +0 hunting sling
 h - a +0 spear
 t - a +0 mace
 G - a +0 vampiric war axe
Missiles
 l - 53 stones
 u - 10 poisoned needles
 z - 66 bolts
 B - 20 sling bullets
 E - 8 tomahawks (quivered)
Armour
 c - a +0 shield (worn)
 n - a +0 chain mail (worn)
 p - a +2 pair of gloves of strength (worn)
Jewellery
 v - a ring of see invisible (left hand)
 w - a cursed ring of teleportation {unknown}
 x - an amulet of faith (around neck)
Wands
 y - a wand of polymorph (11)
 C - a wand of random effects (30)
Scrolls
 e - a scroll of fog
 i - 2 scrolls of immolation
 k - 2 scrolls of teleportation
 A - 2 scrolls of magic mapping {unknown}
 F - 2 scrolls of remove curse {unknown}
Potions
 d - 2 potions of might
 g - 2 potions of degeneration {unknown}
 j - a potion of resistance {unknown}
 m - 4 potions of curing
 o - a potion of lignification {unknown}
 q - a potion of brilliance {unknown}
 r - a potion of heal wounds {unknown}
 s - a potion of flight {unknown}
 H - a potion of magic {unknown}
Comestibles
 f - 13 rations
 D - 8 chunks of flesh


   Skills:
 + Level 6.9 Fighting
 * Level 7.3 Axes
 + Level 6.9 Armour
 + Level 6.9 Shields


You had 8 spell levels left.
You didn't know any spells.
Your spell library contained the following spells:

 Spells                   Type           Power        Failure   Level  Hunger
 Cause Fear               Hex            #.........   100%        4    #####..
 Silence                  Hex/Air        #.........   100%        5    ######.
 Yara's Violent Unravell  Hex/Tmut       #.........   100%        5    ######.
 Deflect Missiles         Chrm/Air       #.........   100%        6    #######
 Discord                  Hex            #.........   100%        8    #######


Dungeon Overview and Level Annotations

Branches:
Dungeon (6/15)
 Temple: D:4-7

Altars:
Elyvilon

Annotations:
D:6 Prince Ribbit


Innate Abilities, Weirdness & Mutations

You are resistant to torment.
Your stone body is resilient. (AC +6)
You are immune to poison.
You resist negative energy. (rN+)
You are resistant to electric shocks. (rElec)
You can survive without breathing.
You are immune to petrification.
You are immune to rotting.


Message History

Prince Ribbit hits you but does no damage.
You barely miss Prince Ribbit.
Prince Ribbit is moderately wounded.
Prince Ribbit hits you but does no damage.
Prince Ribbit hits you!
* * * LOW HITPOINT WARNING * * *
You barely miss Prince Ribbit.
Prince Ribbit is moderately wounded.
Prince Ribbit blinks!
You closely miss Prince Ribbit.
Prince Ribbit is moderately wounded.
You block Prince Ribbit's attack. x2
Your chain mail prevents you from hitting Prince Ribbit.
Prince Ribbit is moderately wounded.
Prince Ribbit hits you.
* * * LOW HITPOINT WARNING * * *
You closely miss Prince Ribbit.
Prince Ribbit is moderately wounded.
Prince Ribbit hits you!
You die...

##.###...#...#.......#
###.
#.......#########.####
#...
#.##.......#......#
#... #.
#.|.#...#......# #...
#.##..#########..##
#... #.#......# ....#
#... #.#..#...# ....#
##..)
#.#.#########..##
#.... #......#..@F...#
#.##) #......#.......#
#.##[ #.#.#######..###
#.##. #.#..........#
#.##. #.####.#######
#.##. #. #.# #.... #.
#.# ##.#. #. #.# #.#.
#.# #.#.


You could see Prince Ribbit.

Vanquished Creatures
  Pikel (D:4)
  Grinder (D:4)
  2 sky beasts (D:5)
  3 slaves (D:4)
  A phantom (D:4)
  A necrophage (D:5)
  2 ogres
  A centaur (D:6)
  Blork the orc (D:4)
  3 bullfrogs
  A vampire bat (D:6)
  A howler monkey (D:5)
  A crimson imp (D:6)
  A hound (D:6)
  A jelly (D:6)
  A gnoll shaman (D:5)
  An orc priest (D:4)
  6 orc wizards
  A bullfrog skeleton (D:5)
  3 worker ants
  4 gnolls
  3 river rats (D:4)
  7 adders
  A howler monkey skeleton (D:6)
  3 worms
  3 dart slugs
  4 leopard geckos
  17 orcs
  3 ball pythons
  9 bats
  6 giant cockroaches
  4 goblins
  3 hobgoblins
  9 jackals
  5 kobolds
  A quokka (D:6)
  A frilled lizard (D:3)
  A quokka skeleton (D:4)
  5 rats
122 creatures vanquished.

Vanquished Creatures (others)
  Eustachio (D:4)
  A frilled lizard (D:4)
2 creatures vanquished.

Grand Total: 124 creatures vanquished

Notes
Turn   | Place    | Note
-------+----------+-------------------------------------------
     0 | D:1      | Loudmushroom the Gargoyle Fighter began the quest for the
                  | Orb.
     0 | D:1      | Reached XP level 1. HP: 14/14 MP: 1/1
    29 | D:1      | Reached skill level 2 in Axes
    29 | D:1      | Reached XP level 2. HP: 15/19 MP: 2/2
   443 | D:1      | Reached XP level 3. HP: 23/23 MP: 3/3
  1219 | D:2      | Reached XP level 4. HP: 28/29 MP: 4/4
  1857 | D:4      | Noticed a slave
  1857 | D:4      | Noticed a slave
  1878 | D:4      | Killed a slave
  1886 | D:4      | Killed a slave
  1912 | D:4      | Noticed a slave
  2054 | D:4      | Noticed a slave
  2057 | D:4      | Killed a slave
  2058 | D:4      | Noticed Pikel
  2078 | D:4      | Killed Pikel
  2078 | D:4      | Reached skill level 4 in Axes
  2078 | D:4      | Reached XP level 5. HP: 25/34 MP: 5/5
  2078 | D:4      | Reached XP level 6. HP: 30/40 MP: 6/6
  2078 | D:4      | Reached XP level 7. HP: 33/44 MP: 7/7
  2266 | D:4      | Reached skill level 5 in Fighting
  2266 | D:4      | Reached skill level 5 in Armour
  2266 | D:4      | Reached skill level 5 in Shields
  2370 | D:4      | Noticed Grinder
  2380 | D:4      | Paralysed by Grinder for 3 turns
  2387 | D:4      | Killed Grinder
  2387 | D:4      | Reached skill level 5 in Axes
  2387 | D:4      | Reached XP level 8. HP: 36/49 MP: 8/8
  2942 | D:4      | Noticed Blork the orc
  2950 | D:4      | Killed Blork the orc
  3172 | D:4      | Noticed Eustachio
  3184 | D:4      | Killed Eustachio
  3386 | D:5      | Entered Level 5 of the Dungeon
  3540 | D:5      | Reached skill level 6 in Axes
  4053 | D:5      | Reached XP level 9. HP: 40/56 MP: 9/9
  4443 | D:5      | Found a white marble altar of Elyvilon.
  4668 | D:6      | Reached skill level 7 in Axes
  5583 | D:6      | Noticed Prince Ribbit
  5599 | D:6      | Slain by Prince Ribbit

Skill      XL: |  1  2  3  4  5  6  7  8  9 |
---------------+----------------------------+-----
Axes           | 2 4 5 6 7 |  7.3
Fighting       | 4 5 6 |  6.9
Armour         | 4 5 6 |  6.9
Shields        | 4 5 6 |  6.9

Action                   |  1- 3 |  4- 6 |  7- 9 || total
-------------------------+-------+-------+-------++-------
Melee: War axe           |    91 |    74 |   348 ||   513
 Fire: Hunting sling     |       |       |     5 ||     5
  Use: Scroll            |       |       |     9 ||     9
  Eat: Chunk             |     1 |     2 |    13 ||    16
Armor: Scale mail        |    55 |       |       ||    55
       Chain mail        |    13 |    64 |   230 ||   307
Dodge: Dodged            |    37 |    13 |   101 ||   151
Block: Shield            |    58 |    48 |   198 ||   304
